 Dungeon Crawl Stone Soup version 0.29-a0-384-g6960b1960d (webtiles) character file.

Game seed: 5663284131453711377

4 Kenran the Ducker (level 1, -1/10 HPs)
             Began as a Felid Monk on May 7, 2022.
             Frozen to death by an endoplasm (5 damage)
             ... on level 1 of the Dungeon.
             The game lasted 00:00:43 (182 turns).

Kenran the Ducker (Felid Monk)                       Turns: 182, Time: 00:00:44

Health: -1/10      AC:  1    Str:  7    XL:     1   Next: 58%
Magic:  2/2        EV: 19    Int: 11    God:
Gold:   2          SH:  0    Dex: 18    Spells: 0/0 levels left
                                        Lives:  0   Deaths: 0

rFire   . . .      SeeInvis +     - Unarmed
rCold   . . .      Faith    .   (shield unavailable)
rNeg    . . .      Spirit   .   (body armour unavailable)
rPois   .          Reflect  .   (helmet unavailable)
rElec   .          Harm     .   (cloak unavailable)
rCorr   .          Rampage  .   (gloves unavailable)
Will    .....                   (boots unavailable)
Stlth   ++........              (no amulet)
HPRegen 0.03/turn               (no ring)
MPRegen 0.08/turn               (no ring)

@: quick
A: very small, claws 1, fangs 3, see invisible, speed 1, shaggy fur 1, stealthy
paws, no weapons or thrown items, no armour, multi-lived
a: no special abilities


You were on level 1 of the Dungeon.
You visited 1 branch of the dungeon, and saw 1 of its levels.

You collected 2 gold pieces.

Inventory:

Potions
 a - a potion of ambrosia
 b - a potion of cancellation {unknown}


   Skills:
 - Level 3.0 Fighting
 - Level 4.0 Dodging
 - Level 2.6 Stealth
 + Level 3.3 Unarmed Combat


You couldn't memorise any spells.
You didn't know any spells.
Your spell library contained the following spells:

 Spells                   Type           Power      Damage    Failure   Level
 Freeze                   Ice            0%         1d3       34%         1
 Frozen Ramparts          Ice            0%         1d2       71%         3
 Hailstorm                Conj/Ice       0%         3d3       98%         4


Dungeon Overview and Level Annotations

Branches:
Dungeon (1/15)

Altars:


Innate Abilities, Weirdness & Mutations

You have sharp claws.
You have razor-sharp teeth.
You have supernaturally acute eyesight. (SInv)
You cover ground quickly. (Speed+)
You are covered in fur. (AC +1)
Your paws help you pounce on unaware monsters.
You are incapable of wielding weapons or throwing items.
You cannot wear armour.
You gain extra lives every three experience levels.


Message History

Found a short sword.
A frilled lizard comes into view.
The rat closely misses you.
You scratch the rat.
You kill the rat!
An endoplasm comes into view.
The endoplasm quivers.
An endoplasm comes into view.
Found a war axe and a dagger.
You pounce on the unaware helpless frilled lizard!
You claw the frilled lizard!
You kill the frilled lizard!
The endoplasm completely misses you.
The endoplasm quivers.
You scratch the endoplasm but do no damage.
The endoplasm closely misses you. x2
You scratch the endoplasm.
The endoplasm is moderately wounded.
The endoplasm hits you. The endoplasm freezes you.
You are frozen.
You are too injured to fight recklessly!
The endoplasm completely misses you.
Press: ? - help, v - describe, . - travel, g - get item Item here: a glowing hat.
The floor.
Unknown command.
You are too injured to fight recklessly!
You are too injured to fight recklessly!
You scratch the endoplasm. You bite the endoplasm.
You kill the endoplasm!
You scratch the endoplasm.
The endoplasm is heavily wounded.
The endoplasm barely misses you.
You scratch the endoplasm.
The endoplasm is severely wounded.
The endoplasm freezes you.
You are frozen.
Ouch! That really hurt!
You die...

........# #........... #...#
#...........
####...##########..#.#.####
#...........)..##..#.#.....
#).........[....##..#.######
#...............##..#.#.....
#....######.######..#.#.####
#.... #J....##..#.#.# #
#.... #@....##†.#.#.# # #...
#.....##..#...# #
#.######..#.######
...###+#'######..#.......
.................########
..........#####.## #
..........# #... ..
..........# ##### ###
..........# ..


You could see an endoplasm.

Vanquished Creatures
  2 endoplasms (D:1)
  A bat (D:1)
  A frilled lizard (D:1)
  A rat (D:1)
5 creatures vanquished.

Notes
Turn   | Place    | Note
-------+----------+-------------------------------------------
     0 | D:1      | Kenran the Felid Monk began the quest for the Orb.
     0 | D:1      | Reached XP level 1. HP: 10/10 MP: 2/2
   182 | D:1      | Frozen to death by an endoplasm

Illustrated notes

Levels and vault maps discovered:
D:1:      minmay_arrival_glassed_features, layout_basic,
          chequers_serial_rivers_micro_b, st_stairs_1,
          chequers_hall_statues_corner_a, minmay_misc_feat_encased,
          chequers_serial_rivers_small_3, dreamdust_princess_corridor

Action                   || total
-------------------------++-------
Melee: Unarmed           ||    11
       Bite              ||     1
 Stab: Sleeping          ||     2
Dodge: Dodged            ||     6

Table legend: (Time is in decaauts)
 A = Elapsed time spent in this place.
 B = Non-inter-level travel time spent in this place.
 C = Inter-level travel time spent in this place.
 D = Time resting spent in this place.
 E = Time spent auto-exploring this place.
 F = Levels seen in this place.
 G = Mean time per level.
                   A        B        C        D        E       F      G
               +--------+--------+--------+--------+--------+-----+--------+
         Total |    164 |    164 |      0 |     81 |     14 |   1 |  164.0 |
       Dungeon |    164 |    164 |      0 |     81 |     14 |   1 |  164.0 |
               +--------+--------+--------+--------+--------+-----+--------+

Top non-repeatable levels by time:
     D:1: 164 daAuts
